 Dungeon Crawl Stone Soup version 0.28.0 (webtiles) character file.

Game seed: 3960747666205904605

49 danielguo94 the Covered (level 3, 0/24 HPs)
             Began as a Gargoyle Fighter on Feb 8, 2022.
             Slain by a goblin (2 damage)
             ... led by Robin
             ... on level 2 of the Dungeon.
             The game lasted 00:00:53 (1175 turns).

danielguo94 the Covered (Gargoyle Fighter)          Turns: 1175, Time: 00:00:53

Health: 0/24       AC: 10    Str: 21    XL:     3   Next: 75%
Magic:  3/3        EV:  9    Int:  8    God:
Gold:   58         SH:  4    Dex:  9    Spells: 2/2 levels left

rFire   . . .      SeeInvis .   a - +0 flail
rCold   . . .      Faith    .   c - +0 buckler
rNeg    + . .      Spirit   .   b - +0 scale mail
rPois   ∞          Reflect  .   (no helmet)
rElec   +          Harm     .   (no cloak)
rCorr   .          Rampage  .   (no gloves)
Will    .....                   (no boots)
Stlth   ..........              (no amulet)
HPRegen 0.08/turn               (no ring)
MPRegen 0.08/turn               (no ring)

@: no status effects
A: sickness immunity, AC +3, negative energy resistance 1, electricity
resistance, torment resistance 1, petrification resistance
a: no special abilities


You were on level 2 of the Dungeon.
You visited 1 branch of the dungeon, and saw 2 of its levels.

You collected 58 gold pieces.

Inventory:

Hand Weapons
 a - a +0 flail (weapon)
Armour
 b - a +0 scale mail (worn)
 c - a +0 buckler (worn)
Scrolls
 e - a scroll of teleportation {unknown}
 f - a scroll of identify {unknown}
Potions
 d - a potion of might
 g - a potion of haste {unknown}


   Skills:
 + Level 3.7 Fighting
 * Level 3.0 Maces & Flails
 + Level 3.7 Armour
 + Level 3.5 Shields


You had 2 spell levels left.
You didn't know any spells.
Your spell library was empty.

Dungeon Overview and Level Annotations

Branches:
Dungeon (2/15)

Altars:


Innate Abilities, Weirdness & Mutations

You are immune to sickness and miasma.
Your stone body is resilient. (AC +3)
You are immune to poison.
You resist negative energy. (rN+)
You are resistant to electric shocks. (rElec)
You are resistant to unholy torment.
You are immune to petrification.


Message History

The bat hits you but does no damage. The goblin hits you but does no damage.
You block the goblin's attack. You block the hobgoblin's attack.
The rat bites you but does no damage. The goblin hits you with a +0 dagger.
Your Maces & Flails skill increases to level 3!
You are too injured to fight recklessly!
Unknown command.
The goblin no longer looks unusually strong.
The bat barely misses you. The goblin hits you with a +0 dagger.
* * * LOW HITPOINT WARNING * * *
Unknown command.
The hobgoblin no longer looks unusually strong.
You block the goblin's attack. The rat bites you but does no damage.
The bat misses you.
You barely miss the bat.
The hobgoblin no longer looks unusually strong.
The bat hits you but does no damage. x2; The hobgoblin barely misses you.
The goblin hits you but does no damage. You block the rat's attack.
The goblin hits you but does no damage. The bat hits you but does no damage.
You sock the bat!
You kill the bat!
The hobgoblin hits you but does no damage.
The goblin hits you but does no damage. The rat bites you.
* * * LOW HITPOINT WARNING * * *
The goblin hits you with a +0 dagger.
* * * LOW HITPOINT WARNING * * *
The hobgoblin barely misses you.
Unknown command.
You sock the goblin!
You kill the goblin!
The goblin no longer looks unusually strong.
The goblin closely misses you. The rat misses you.
The goblin hits you but does no damage. The hobgoblin barely misses you.
The goblin closely misses you. The hobgoblin closely misses you.
The rat bites you but does no damage. The goblin hits you but does no damage.
You hit the hobgoblin.
The hobgoblin is moderately wounded.
The hobgoblin hits you but does no damage.
The goblin hits you but does no damage. The rat bites you but does no damage.
The hobgoblin closely misses you. The goblin hits you with a +0 dagger.
You die...

.. .# .# #.# .# .# #.#
##.## .########.# ##...##
.......##.# ##.....##
.......##.# ##.......###
.#.##..##.# #..g........
..#.#..##.# ##ggr)...###
.#.##..##.######@g...##
.#........#....##g..##
.####........#.###.######
........)....#............
.......#####........######
######## ##########


You could see 2 hobgoblins, 3 goblins and a rat.

Vanquished Creatures
  Robin (D:2)
  A dart slug (D:1)
  3 bats
  3 endoplasms
  3 giant cockroaches (D:1)
  3 goblins
  2 hobgoblins (D:1)
  6 jackals (D:1)
  A quokka (D:1)
  4 ball pythons (D:1)
  2 frilled lizards (D:1)
  A kobold (D:2)
30 creatures vanquished.

Notes
Turn   | Place    | Note
-------+----------+-------------------------------------------
     0 | D:1      | danielguo94 the Gargoyle Fighter began the quest for the
                  | Orb.
     0 | D:1      | Reached XP level 1. HP: 14/14 MP: 1/1
   303 | D:1      | Reached XP level 2. HP: 19/19 MP: 2/2
   635 | D:1      | Reached XP level 3. HP: 20/23 MP: 3/3
   873 | D:1      | Found a faded altar of an unknown god.
  1157 | D:2      | Noticed Robin
  1169 | D:2      | Killed Robin
  1175 | D:2      | Slain by a goblin

Illustrated notes

Levels and vault maps discovered:
D:1:      ncdulo_watergridlock, layout_basic, shapermc_ecumenical_altar_ellora,
          minivault_24
D:2:      layout_loops_ring, serial_shops, shop, nicolae_shop_window_shopping,
          nicolae_square_shop, nicolae_shop_crystal, basic_altar, uniq_robin

Skill      XL: |  1  2  3 |
---------------+----------+-----
Maces & Flails | 3 |  3.0
Fighting       | |  3.7
Armour         | |  3.7
Shields        | |  3.5

Action                   || total
-------------------------++-------
Melee: Flail             ||    96
Armor: Scale mail        ||    82
Dodge: Dodged            ||    71
Block: Buckler           ||    30
